 Dungeon Crawl Stone Soup version 0.26-a0-466-g989023bd0d (webtiles) character file.

Game seed: 12637443610560760908

306378 Apogee the Slayer (level 21, 0/217 HPs)
             Began as a Hill Orc Berserker on Aug 4, 2020.
             Was the Champion of Trog.
             Killed from afar by a fire dragon (17 damage)
             ... with a blast of flame
             ... on level 1 of the Depths on Aug 5, 2020.
             The game lasted 01:12:35 (48512 turns).

Apogee the Slayer (Hill Orc Berserker)             Turns: 48512, Time: 01:12:36

Health: 0/217      AC: 36    Str: 36    XL:     21   Next: 16%
Magic:  21/21      EV:  9    Int: 13    God:    Trog [******]
Gold:   4344       SH: 18    Dex: 22    Spells: 20/20 levels left

rFire    + . .     SeeInvis +   b - +3 hunting sling of Doom {vorpal, *Corrode Str+2 Dex+4 SInv}
rCold    + + .     Faith    .   G - +2 kite shield
rNeg     . . .     Spirit   .   O - +0 crystal plate armour
rPois    .         Reflect  .   I - +0 helmet of the Monk {Dex+4 Slay+4 Stlth-} (curse)
rElec    .         Harm     .   Y - scarf {rC+ rF+}
rCorr    .                      y - +2 pair of gloves
MR       +++..                  r - +2 pair of boots {Stlth+}
Stlth    ..........             U - amulet of Dinifuop {RegenMP rC+ Str+4 Dex+4}
HPRegen  1.46/turn              e - +4 ring of slaying
MPRegen  0.42/turn              Z - +6 ring of intelligence

@: lethally poisoned (0 -> 0), regenerating, hasted and slowed
A: no striking features
}: 2/15 runes: decaying, serpentine
a: Berserk, Trog's Hand, Brothers in Arms, Renounce Religion


You were on level 1 of the Depths.
You worshipped Trog.
Trog was exalted by your worship.
You visited 7 branches of the dungeon, and saw 34 of its levels.
You visited the Abyss 1 time.

You collected 6969 gold pieces.
You spent 2625 gold pieces at shops.

Inventory:

Hand Weapons
 a - the +10 broad axe "Bidaj Dui" {flame, +Rage +Inv rElec MR++}
   (Trog gifted it to you on level 10 of the Dungeon)

   It has been specially enchanted to burn those struck by it, causing extra
   injury to most foes and up to half again as much damage against particularly
   susceptible opponents.
   Big, fiery blades are also staple armaments of hydra-hunters.
   It insulates you from electricity.
   It affects your resistance to hostile enchantments.
   It lets you turn invisible.
   It lets you go berserk.
 b - the +3 hunting sling of Doom (weapon) {vorpal, *Corrode Str+2 Dex+4 SInv}
   (You found it on level 6 of the Lair of Beasts)

   Any stone fired from it inflicts extra damage.
   It affects your strength (+2).
   It affects your dexterity (+4).
   It lets you see invisible.
   It may corrode you when you take damage.
Missiles
 q - 1040 stones (quivered)
 s - 7 throwing nets {!f}
 T - 38 sling bullets
Armour
 r - a +2 pair of boots of stealth (worn)
   (You acquired it on level 1 of the Depths)
 y - a +2 pair of gloves (worn)
   (You found it on level 4 of the Dungeon)
 G - a +2 kite shield (worn)
   (You bought it in a shop on level 1 of the Orcish Mines)
 I - the cursed +0 helmet of the Monk (worn) {Dex+4 Slay+4 Stlth-}
   (You found it on level 6 of the Dungeon)

   It affects your dexterity (+4).
   It affects your accuracy and damage with ranged weapons and melee attacks
   (+4).
   It makes you less stealthy.
   It has a curse placed upon it.
 L - a +0 cloak of preservation
   (You took it off Nikola on level 3 of the Snake Pit)
 O - a +0 crystal plate armour (worn)
   (You found it on level 2 of the Elven Halls)
 W - a +2 pair of boots
   (You found it on level 1 of the Depths)
 Y - a scarf of resistance (worn)
   (You found it on level 12 of the Dungeon)
Jewellery
 e - a +4 ring of slaying (left hand)
   (You found it on level 6 of the Lair of Beasts)
 i - an uncursed ring of protection from fire
   (You took it off a deep elf mage on level 2 of the Elven Halls)
 j - an uncursed ring of flight
   (You found it on level 6 of the Lair of Beasts)
 l - an uncursed ring of resist corrosion
   (You found it on level 1 of the Dungeon)
 o - an uncursed ring of protection from cold
   (You found it on level 2 of the Lair of Beasts)
 F - an uncursed ring of poison resistance
   (You bought it in a shop on level 2 of the Orcish Mines)
 H - an uncursed ring of positive energy
   (You found it on level 5 of the Dungeon)
 M - an uncursed ring of fire
   (You found it on level 4 of the Snake Pit)
 S - the ring of Cohuvy {*Tele rF++}
   (You found it on level 2 of the Snake Pit)

   [ring of teleportation]

   It may teleport you next to monsters.
   It greatly protects you from fire.
 U - the amulet of Dinifuop (around neck) {RegenMP rC+ Str+4 Dex+4}
   (You found it on level 2 of the Snake Pit)

   [amulet of magic regeneration]

   It increases your magic regeneration.
   It affects your strength (+4).
   It affects your dexterity (+4).
   It protects you from cold.
 Z - a +6 ring of intelligence (right hand)
   (You found it on level 2 of the Snake Pit)
Wands
 v - a wand of digging (12)
   (You found it on level 6 of the Dungeon)
 x - a wand of acid (23)
   (You took it off Harold on level 10 of the Dungeon)
 R - a wand of clouds (9)
   (You found it on level 13 of the Dungeon)
Scrolls
 h - 2 scrolls of magic mapping
 k - 8 scrolls of identify {@r1}
 m - 14 scrolls of remove curse {@r2}
 p - 9 scrolls of blinking
 t - 5 scrolls of immolation {!r}
 z - 14 scrolls of teleportation {@r4}
 C - 2 scrolls of vulnerability {!r}
 D - a scroll of summoning
 E - 5 scrolls of fear
 K - 10 scrolls of enchant weapon
 N - 7 scrolls of fog
 Q - 10 scrolls of enchant armour
 V - 2 scrolls of brand weapon
Potions
 c - 4 potions of lignification {!q}
 d - 2 potions of invisibility
 f - a potion of resistance
 g - 5 potions of haste {@q3}
 n - 14 potions of curing {@q1}
 u - 12 potions of heal wounds {@q2}
 w - 2 potions of berserk rage
 B - 8 potions of mutation {!q}
 J - 2 potions of flight
 P - 6 potions of might
 X - a potion of cancellation
Miscellaneous
 A - a phantom mirror


   Skills:
 - Level 25.2 Fighting
 - Level 16.0 Axes
 + Level 11.9 Slings
 - Level 20.0 Armour
 - Level 1.5 Dodging
 - Level 15.0 Shields


You had 20 spell levels left.
You didn't know any spells.
Your spell library was empty.

Dungeon Overview and Level Annotations

Branches:
Dungeon (15/15)            Temple (0/1) D:5            Lair (6/6) D:11
  Swamp (4/4) Lair:2        Snake (4/4) Lair:2        Slime (0/5) Lair:5
    Orc (2/2) D:9             Elf (2/3) Orc:2        Vaults (0/5) D:14
 Depths (1/5) D:15

Altars:
Ashenzari
Cheibriados
Fedhas
Hepliaklqana
Kikubaaqudgha
Nemelex Xobeh
Ru
Trog
Uskayaw
Vehumet
Wu Jian
Zin
The Shining One
Jiyva

Shops:
D:8 (   Orc:1 ![??   Orc:2 !}*=   Elf:2 =   Depths:1 *

Portals:
Hell: Depths:1
Trove: Depths:1 (give horn of Geryon)

Annotations:
Elf:2 4 runed translucent doors
Depths:1 the Enchantress


Message History

The Enchantress hits you but does no damage.
You are poisoned.
Unknown command.
Aim: the Enchantress, wielding a +1 rapier of venom, wearing the +4 faerie dragon scales {rC+ rCorr} and wearing a +0 buckler of cold resistance (noxious fumes, heavily wounded, fast, repelling missiles, slightly transparent)
You create a blast of freezing vapour!
You feel sick.
The Enchantress is engulfed in noxious fumes.
You block the Enchantress's attack.
Unknown command.
Unknown command.
Unknown command.
Unknown command.
Unknown command.
Unknown command.
Your deep troll goes berserk!
The Enchantress is no longer moving quickly.
The Enchantress is engulfed in noxious fumes.
The Enchantress casts a spell.
You resist with almost no effort.
Your deep troll appears confused.
You feel sick.
The Enchantress is engulfed in noxious fumes.
You block your deep troll's attack. x2; Your deep troll claws you!!
* * * LOW HITPOINT WARNING * * *
You block the Enchantress's attack.
You swap places.
You block your deep troll's attack. x2
Your deep troll claws you.
* * * LOW HITPOINT WARNING * * *
The Enchantress hits your deep troll with a +1 rapier of venom!
Your deep troll is poisoned.
What are your orders? t - Shout!
Orders for allies: a - Attack new target. p - Attack previous target. r - Retreat! s - Stop attacking. g - Guard the area. f - Follow me.
Anything else - Cancel.
Gang up on whom?
Aim: the Enchantress, wielding a +1 rapier of venom, wearing the +4 faerie dragon scales {rC+ rCorr} and wearing a +0 buckler of cold resistance (heavily wounded, repelling missiles) Attack!
As you read the scroll of teleportation {@r4}, it crumbles to dust.
You feel strangely unstable.
You feel sick.
The Enchantress gestures wildly while chanting.
You resist with almost no effort.
Unknown command.
The Enchantress mumbles some strange words.
The Enchantress seems to speed up.
Your surroundings suddenly seem different.
A fire dragon comes into view.
The fire dragon breathes flames at you. The blast of flame hits you!
You resist.
You die...

#....≈≈≈≈≈...(###..## ###...
#....≈≈≈≈≈....(#..#####.....
#....≈≈≈≈≈.....(.....#......
#...............(.....#.....
#..............)............
#.............D...((........
#..................(........
#..........................#
#....(.....@.............###
#........................#
#.........................#
##..........................#
#####.....................#......
#.....##.##.....≈≈≈≈≈....###.....
#.##..###...R...≈≈≈≈≈.....#......
#...............≈≈≈≈≈............
#..##########...≈≈≈≈≈............


You could see a fire dragon (catching breath) and a rakshasa.

Vanquished Creatures
  Nikola (Snake:3)
  Rupert (Orc:2)
  Gastronok (D:9)
  6 thorn hunters
  A sphinx (Depths:1)
  2 fire giants (Depths:1)
  8 nagarajas
  A balrug (Depths:1)
  Louise (Swamp:1)
  An emperor scorpion (D:15)
  3 spriggan defenders (Depths:1)
  2 very ugly things (Depths:1)
  5 stone giants
  A vampire knight (Depths:1)
  A deep elf demonologist (Elf:2)
  A deep elf annihilator (Elf:1)
  A spark wasp (Depths:1)
  5 dire elephants
  Snorg (Orc:1)
  A merfolk javelineer (Depths:1)
  2 ettins
  2 deep elf death magi
  3 fire dragons (Depths:1)
  Josephine (D:10)
  2 deep elf high priests
  A great orb of eyes (Depths:1)
  27 hydras
  11 naga warriors
  3 spriggan air magi (Depths:1)
  2 rakshasas (Depths:1)
  8 anacondas
  3 ghost crabs
  5 centaur warriors
  A shambling mangrove (Swamp:3)
  15 two-headed ogres
  9 dancing weapons
  4 alligators
  2 catoblepae (Lair:5)
  A deep troll shaman (D:15)
  3 ogre magi
  A tengu warrior (D:15)
  15 naga sharpshooters
  3 deep troll earth magi
  Urug (D:13)
  13 death yaks
  An orc high priest (Orc:1)
  2 sun demons (Depths:1)
  13 deep elf knights
  9 shock serpents
  Nergalle (D:11)
  9 spriggans
  A skeletal warrior (D:10)
  An unseen horror (shapeshifter) (D:14)
  2 salamander mystics (Snake:1)
  2 spriggan druids
  A sea snake (shapeshifter) (Depths:1)
  A sixfirhy (D:14)
  A death drake (shapeshifter) (Depths:1)
  An unseen horror (D:12)
  12 swamp dragons
  4 deep trolls
  3 wizards
  11 naga ritualists
  7 deep elf archers
  3 orc knights
  A shining eye (shapeshifter) (Depths:1)
  2 oklob plants (Lair:3)
  16 ugly things
  8 mana vipers
  An orc sorcerer (Orc:1)
  3 manticores
  43 deep elf magi
  14 salamanders
  6 cyclopes
  8 elephants (Lair:6)
  Maurice (Orc:2)
  43 black mambas
  2 gargoyles
  21 naga magi
  2 guardian serpents
  9 cane toads
  3 kobold demonologists
  Maggie (D:10)
  A tengu conjurer (D:15)
  4 rime drakes
  7 komodo dragons
  A queen bee (D:10)
  10 tyrant leeches
  3 meliai (D:15)
  15 trolls
  2 polar bears (Lair:6)
  12 hornets
  5 bog bodies
  13 slime creatures
  5 hippogriffs
  32 blink frogs
  4 flying skulls (D:10)
  6 shadows
  An air elemental (Elf:1)
  7 water elementals
  2 fire elementals
  2 wyverns (D:14)
  38 yaks
  3 wraiths (D:10)
  8 basilisks
  21 vampire mosquitoes
  30 nagas
  2 wargs
  17 swamp worms
  A soldier ant (D:14)
  An acid dragon (D:15)
  13 water moccasins
  13 swamp drakes
  A floating eye (Lair:3)
  10 porcupines
  25 orc warriors
  10 ice beasts
  3 phantoms
  3 sky beasts
  A boggart (shapeshifter) (Elf:2)
  23 ogres
  13 boggarts
  2 wolves (D:13)
  14 centaurs
  11 crocodiles
  2 big kobolds
  Blork the orc (D:6)
  3 wyvern zombies
  19 bullfrogs
  2 gnoll sergeants
  7 scorpions
  34 killer bees
  23 wights
  9 howler monkeys
  4 centaur zombies
  3 jellies
  A bullfrog skeleton (D:10)
  20 orc priests
  9 hounds
  Ijyb (D:4)
  7 centaur skeletons
  5 iguanas
  Natasha (thrice) (D:2)
  18 orc wizards
  7 hell rats
  11 worker ants
  2 hound skeletons
  2 hound zombies
  A mummy (D:8)
  3 worker ant zombies (D:10)
  19 gnolls
  12 adders
  2 river rats (D:5)
  6 shadow imps
  5 white imps
  4 ufetubi
  A dart slug (D:4)
  4 worms
  7 leopard geckos
  74 orcs
  4 giant cockroaches
  9 goblins
  4 hobgoblins
  11 jackals
  12 kobolds
  6 quokkas
  5 bats
  5 frilled lizards
  A jackal skeleton (D:4)
  A leopard gecko zombie (D:5)
  3 quokka zombies
  9 rats
  8 briar patches (Swamp:3)
  2 fungi
  5 plants (Lair:6)
1262 creatures vanquished.

Vanquished Creatures (collateral kills)
  Harold (D:10)
  Erolcha (D:10)
  The ghost of Sassenached the Fighter, a novice HuWn of Gozag (D:8)
  3 deep elf magi
  A tyrant leech (Swamp:1)
  A shadow (D:10)
  A wraith (D:10)
  A fire elemental (Abyss:1)
  A water moccasin (Lair:6)
  A swamp drake (Swamp:1)
  A scorpion (D:8)
  A wyvern skeleton (D:10)
  A centaur zombie (D:8)
  A bullfrog skeleton (D:10)
16 creatures vanquished.

Vanquished Creatures (others)
  Asterion (Snake:3)
  2 deep elf magi (Elf:1)
  A shadow (Swamp:1)
  A swamp drake (Swamp:1)
  An orc (D:15)
  7 fungi (Lair:6)
  5 plants (Lair:6)
18 creatures vanquished.

Grand Total: 1296 creatures vanquished

Notes
Turn   | Place    | Note
-------+----------+-------------------------------------------
     0 | D:1      | Apogee the Hill Orc Berserker began the quest for the Orb.
     0 | D:1      | Reached XP level 1. HP: 19/19 MP: 1/1
   210 | D:1      | Reached XP level 2. HP: 20/27 MP: 2/2
  1048 | D:2      | Found a sacrificial altar of Ru.
  1159 | D:2      | Noticed Natasha
  1169 | D:2      | Noticed a crimson imp
  1175 | D:2      | Killed Natasha
  1175 | D:2      | Reached skill level 4 in Fighting
  1175 | D:2      | Reached skill level 5 in Axes
  1175 | D:2      | Reached XP level 3. HP: 12/33 MP: 3/3
  1573 | D:2      | Reached XP level 4. HP: 40/40 MP: 4/4
  2022 | D:2      | Reached XP level 5. HP: 16/47 MP: 5/5
  2501 | D:2      | Noticed Natasha
  2513 | D:2      | Killed Natasha
  2731 | D:2      | Noticed Natasha
  2743 | D:2      | Killed Natasha
  3082 | D:3      | Reached ** piety under Trog
  3082 | D:3      | Reached skill level 5 in Fighting
  3082 | D:3      | Reached XP level 6. HP: 56/56 MP: 6/6
  3307 | D:3      | Found a hazy altar of Hepliaklqana.
  3713 | D:4      | Noticed an orc warrior
  4575 | D:4      | Found a blossoming altar of Fedhas.
  4888 | D:4      | Noticed Ijyb
  4896 | D:4      | Killed Ijyb
  4896 | D:4      | Reached XP level 7. HP: 61/61 MP: 7/7
  5630 | D:5      | Entered Level 5 of the Dungeon
  5777 | D:5      | Reached skill level 6 in Fighting
  6024 | D:5      | Reached skill level 5 in Armour
  6041 | D:5      | Reached XP level 8. HP: 51/71 MP: 8/8
  6947 | D:5      | Found a staircase to the Ecumenical Temple.
  7131 | D:6      | Reached *** piety under Trog
  7458 | D:6      | Reached skill level 10 in Axes
  7699 | D:6      | Reached skill level 7 in Fighting
  7841 | D:6      | Found a glowing silver altar of Zin.
  7986 | D:6      | Noticed Blork the orc
  8003 | D:6      | Killed Blork the orc
  8011 | D:6      | Got a heavily runed helmet
  8017 | D:6      | Identified the cursed +0 helmet of the Monk {Dex+4 Slay+4
                  | Stlth-} (You found it on level 6 of the Dungeon)
  8356 | D:6      | Reached XP level 9. HP: 66/79 MP: 9/9
  8842 | D:7      | Found an ancient bone altar of Kikubaaqudgha.
  8851 | D:7      | Reached skill level 8 in Fighting
  8854 | D:7      | Found a radiant altar of Vehumet.
  8857 | D:7      | Found a sparkling altar of Nemelex Xobeh.
  8860 | D:7      | Found a glowing golden altar of the Shining One.
  9182 | D:7      | Found a shattered altar of Ashenzari.
  9183 | D:7      | Found an ornate altar of the Wu Jian Council.
  9298 | D:7      | Found a hide-covered altar of Uskayaw.
  9323 | D:7      | Noticed a two-headed ogre
  9330 | D:7      | Killed a two-headed ogre
  9446 | D:8      | Found a transporter.
  9459 | D:8      | Noticed Sassenached's ghost (novice HuWn)
  9462 | D:8      | Found a transporter.
  9584 | D:8      | Reached **** piety under Trog
  9669 | D:8      | Reached skill level 9 in Fighting
  9801 | D:8      | Reached XP level 10. HP: 73/91 MP: 10/10
 10136 | D:8      | Found Maubie's Weapon Boutique.
 10210 | D:8      | Found a snail-covered altar of Cheibriados.
 10337 | D:8      | Killed Sassenached's ghost
 10414 | D:9      | Noticed Gastronok
 10414 | D:9      | Noticed a two-headed ogre
 10422 | D:8      | Killed a two-headed ogre
 10480 | D:9      | Killed Gastronok
 10480 | D:9      | Reached skill level 10 in Fighting
 10718 | D:9      | Reached XP level 11. HP: 94/101 MP: 11/11
 10909 | D:9      | Reached skill level 15 in Axes
 10924 | D:9      | Found a staircase to the Orcish Mines.
 11050 | D:9      | Identified the cursed +0 ring mail of Lugonu's Wrath
                  | {rPois}
 11680 | D:10     | Entered Level 10 of the Dungeon
 11689 | D:10     | Reached ***** piety under Trog
 11862 | D:10     | Noticed Josephine
 11884 | D:10     | Killed Josephine
 11889 | D:10     | Noticed Erolcha
 11892 | D:10     | Cast into level 1 of the Abyss (Erolcha)
 11894 | Abyss:1  | Found a corrupted altar of Lugonu.
 11902 | Abyss:1  | Got a faintly glowing scale mail
 11928 | D:10     | Escaped the Abyss
 11932 | D:10     | Killed Erolcha
 11932 | D:10     | Reached skill level 11 in Fighting
 11933 | D:10     | Noticed Harold
 11939 | D:10     | Killed Harold
 11939 | D:10     | Reached skill level 10 in Armour
 12192 | D:9      | Identified the +2 scale mail "Axuonu" {Int+3 Dex+2 Slay+2}
                  | (You found it on level 1 of the Abyss)
 12474 | D:10     | Reached skill level 1 in Shields
 12624 | D:10     | Noticed a skeletal warrior
 12650 | D:10     | Killed a skeletal warrior
 12818 | D:10     | Reached XP level 12. HP: 112/112 MP: 12/12
 12854 | D:10     | Reached skill level 12 in Fighting
 12911 | D:10     | Found a bloodstained altar of Trog.
 13013 | D:10     | Noticed Maggie
 13022 | D:10     | Killed Maggie
 13190 | D:10     | Received a gift from Trog
 13353 | D:10     | Got a crystal broad axe {god gift}
 13495 | D:11     | Noticed a death yak
 13500 | D:11     | Noticed a death yak
 13502 | D:11     | Noticed a death yak
 13514 | D:10     | Killed a death yak
 13582 | D:10     | Killed a death yak
 13582 | D:10     | Reached skill level 5 in Shields
 13779 | D:11     | Killed a death yak
 13779 | D:11     | Reached skill level 13 in Fighting
 13878 | D:11     | Noticed Nergalle
 13896 | D:11     | Killed Nergalle
 14070 | D:11     | Got a pearl-encrusted chain mail
 14091 | D:11     | Noticed a two-headed ogre
 14096 | D:11     | Killed a two-headed ogre
 14488 | D:11     | Found a staircase to the Lair.
 14708 | D:11     | Noticed a two-headed ogre
 14717 | D:11     | Killed a two-headed ogre
 14717 | D:11     | Reached XP level 13. HP: 120/123 MP: 13/13
 14722 | D:11     | Reached skill level 14 in Fighting
 15492 | D:12     | Received a gift from Trog
 15501 | D:12     | Reached ****** piety under Trog
 16116 | D:12     | Identified the +1 chain mail "Milausujowk" {-Cast Harm MR+}
                  | (You found it on level 11 of the Dungeon)
 16657 | D:13     | Noticed Urug
 16677 | D:13     | Killed Urug
 16997 | D:13     | Reached skill level 15 in Fighting
 17682 | D:14     | Found a runed translucent door.
 18037 | D:14     | Received a gift from Trog
 18039 | D:14     | Identified the +10 broad axe "Bidaj Dui" {flame, +Rage +Inv
                  | rElec MR++} (Trog gifted it to you on level 10 of the
                  | Dungeon)
 18141 | D:14     | Found a gate to the Vaults.
 18374 | D:14     | Reached skill level 16 in Fighting
 18437 | D:14     | Reached XP level 14. HP: 137/137 MP: 14/14
 18730 | D:15     | Entered Level 15 of the Dungeon
 18757 | D:15     | Reached skill level 15 in Armour
 19058 | D:15     | Found a staircase to the Depths.
 19058 | D:15     | Noticed a dire elephant
 19059 | D:15     | Noticed an emperor scorpion
 19069 | D:15     | Killed a dire elephant
 19075 | D:15     | Killed an emperor scorpion
 19326 | D:15     | Received a gift from Trog
 19504 | D:15     | Reached skill level 17 in Fighting
 20211 | Lair:1   | Entered Level 1 of the Lair of Beasts
 20939 | Lair:2   | Found a staircase to the Snake Pit.
 21063 | Lair:2   | Found a staircase to the Swamp.
 22396 | Lair:3   | Paralysed by a floating eye for 2 turns
 22401 | Lair:3   | Paralysed by a floating eye for 3 turns
 22659 | Lair:3   | Reached XP level 15. HP: 131/149 MP: 15/15
 22982 | Lair:4   | Reached skill level 18 in Fighting
 23056 | Lair:4   | Got a masterwork war axe
 23058 | Lair:4   | Identified the +4 war axe of the Spider Nest {freeze, MR-
                  | Str+5} (You found it on level 4 of the Lair of Beasts)
 23543 | Lair:4   | You fall into a shaft and drop 1 floor!
 23792 | Lair:5   | Received a gift from Trog
 24154 | Lair:5   | Found a viscous altar of Jiyva.
 24154 | Lair:5   | Found a staircase to the Slime Pits.
 24247 | Lair:6   | Entered Level 6 of the Lair of Beasts
 24339 | Lair:6   | Reached skill level 19 in Fighting
 24866 | Lair:6   | Got a steaming hunting sling
 26031 | Lair:4   | Received a gift from Trog
 26117 | Swamp:1  | Entered Level 1 of the Swamp
 26132 | Snake:1  | Entered Level 1 of the Snake Pit
 26137 | Snake:1  | Reached XP level 16. HP: 144/161 MP: 16/16
 26320 | Orc:1    | Entered Level 1 of the Orcish Mines
 26344 | Orc:1    | Found Ceiskor's Magic Scroll Boutique.
 26405 | Orc:1    | Bought a scroll of acquirement for 884 gold pieces
 26405 | Orc:1    | Acquired a manual of Shields
 26441 | Orc:1    | Found Fidd's Magic Scroll Boutique.
 26569 | Orc:2    | Entered Level 2 of the Orcish Mines
 26799 | Orc:2    | Found Zosecvyr's Gadget Shoppe.
 26799 | Orc:2    | Noticed Maurice
 26870 | Orc:2    | Killed Maurice
 26871 | Orc:2    | Found a staircase to the Elven Halls.
 26925 | Orc:2    | Noticed Rupert
 26939 | Orc:2    | Killed Rupert
 27126 | Orc:2    | Reached skill level 20 in Fighting
 27632 | Orc:2    | Found Jigaskor's Distillery.
 27649 | Orc:2    | Received a gift from Trog
 27697 | Orc:2    | Found Edocvoc's General Store.
 27708 | Orc:2    | Found Fyusin's Jewellery Emporium.
 27978 | Orc:1    | Found Gytar's Antique Armour Shoppe.
 28120 | Orc:1    | Found Vocoust's Distillery.
 28133 | Orc:1    | Noticed Snorg
 28147 | Orc:1    | Killed Snorg
 28260 | Orc:1    | Bought a potion of experience for 700 gold pieces
 28299 | Orc:1    | Reached skill level 10 in Shields
 28299 | Orc:1    | Reached XP level 17. HP: 170/170 MP: 17/17
 28384 | Orc:2    | Bought an uncursed ring of poison resistance for 240 gold
                  | pieces
 28456 | Orc:1    | Bought a runed kite shield for 255 gold pieces
 30093 | Snake:2  | Found a transporter.
 30389 | Snake:2  | Found a transporter.
 30829 | Snake:2  | Reached XP level 18. HP: 167/178 MP: 0/18
 30878 | Snake:2  | Got a clouded silver ring
 30956 | Snake:2  | Acquired 2630 gold pieces
 30961 | Snake:2  | Got an ancient emerald amulet
 30964 | Snake:2  | Got a smoking ivory ring
 30968 | Snake:2  | Identified the amulet of Dinifuop {RegenMP rC+ Str+4 Dex+4}
                  | (You found it on level 2 of the Snake Pit)
 30980 | Snake:2  | Identified the ring "Gotienn" {rF+ Dex+7 Slay-5} (You found
                  | it on level 2 of the Snake Pit)
 30982 | Snake:2  | Identified the ring of Cohuvy {*Tele rF++} (You found it on
                  | level 2 of the Snake Pit)
 31235 | Snake:3  | Received a gift from Trog
 31597 | Snake:3  | Reached skill level 15 in Shields
 31742 | Snake:3  | Noticed Nikola
 31749 | Snake:3  | Killed Nikola
 32173 | Snake:3  | Noticed Asterion
 32177 | Snake:3  | Killed Asterion
 32389 | Snake:4  | Entered Level 4 of the Snake Pit
 33409 | Snake:4  | Reached skill level 21 in Fighting
 34300 | Snake:4  | Received a gift from Trog
 35064 | Snake:4  | Reached skill level 22 in Fighting
 35921 | Snake:4  | Reached XP level 19. HP: 161/193 MP: 19/19
 36405 | Snake:4  | Got a serpentine rune of Zot
 36739 | Swamp:3  | Received a gift from Trog
 36799 | Swamp:4  | Entered Level 4 of the Swamp
 36947 | Swamp:4  | Reached skill level 23 in Fighting
 38252 | Swamp:3  | Paralysed by a hornet for 1 turns
 38933 | Swamp:4  | Got a decaying rune of Zot
 39084 | Swamp:4  | Reached skill level 24 in Fighting
 40197 | Swamp:3  | Received a gift from Trog
 40639 | Swamp:3  | Got a polished scale mail
 40640 | Swamp:3  | Identified the +6 scale mail of the Land of Plenty {-Tele
                  | rPois rC+ Dex+2} (You found it on level 3 of the Swamp)
 40848 | Swamp:3  | Identified the +3 hunting sling of Doom {vorpal, *Corrode
                  | Str+2 Dex+4 SInv} (You found it on level 6 of the Lair of
                  | Beasts)
 41655 | Swamp:2  | Reached skill level 25 in Fighting
 42327 | Swamp:1  | Noticed Louise
 42351 | Swamp:1  | Killed Louise
 42351 | Swamp:1  | Reached XP level 20. HP: 175/210 MP: 20/20
 43251 | Elf:1    | Entered Level 1 of the Elven Halls
 43260 | Elf:1    | Reached skill level 1 in Slings
 43298 | Elf:1    | Received a gift from Trog
 44017 | Elf:1    | Reached skill level 5 in Slings
 44133 | Elf:1    | Received a gift from Trog
 44157 | Elf:1    | You fall into a shaft and drop 1 floor!
 44213 | Elf:2    | Got a bronze chain mail
 44214 | Elf:2    | Identified the cursed +0 chain mail of Howling Wind {Regen+
                  | Int+6 Dex-2 SInv} (You found it on level 2 of the Elven
                  | Halls)
 44819 | Elf:2    | Found a large runed translucent door.
 44819 | Elf:2    | Found a large runed translucent door.
 44844 | Elf:2    | Found a large runed translucent door.
 44844 | Elf:2    | Found a large runed translucent door.
 44962 | Elf:2    | Found Zuurph's Jewellery Emporium.
 46609 | Depths:1 | Entered Level 1 of the Depths
 46624 | Depths:1 | Received a gift from Trog
 47105 | Depths:1 | Acquired a +2 pair of boots of stealth
 47261 | Depths:1 | Reached skill level 10 in Slings
 47340 | Depths:1 | Found Luist's Assorted Antiques.
 47425 | Depths:1 | Found a portal to a secret trove of treasure.
 47557 | Depths:1 | Bought a runed broad axe for 196 gold pieces
 47557 | Depths:1 | Bought a scroll of teleportation for 84 gold pieces
 47557 | Depths:1 | Bought a scroll of teleportation for 84 gold pieces
 47557 | Depths:1 | Bought a scroll of magic mapping for 98 gold pieces
 47557 | Depths:1 | Bought a scroll of teleportation for 84 gold pieces
 47718 | Depths:1 | Found a gateway to Hell.
 47851 | Depths:1 | Found the +2 Maxwell's thermic engine {flame, freeze}
 47894 | Depths:1 | Reached XP level 21. HP: 217/217 MP: 21/21
 48427 | Depths:1 | Noticed the Enchantress
 48434 | Depths:1 | Received a gift from Trog
 48512 | Depths:1 | Killed from afar by a fire dragon

Illustrated notes

Levels and vault maps discovered:
D:1:      elethiomel_arrival_quiet, layout_rooms, chequers_big_river,
          minmay_crystal_water, minmay_tromino_v4_b
D:2:      minmay_door_path, layout_loops_ring, lemuel_crystal_altar, hex_medium,
          minmay_misc_feat_roman, uniq_natasha
D:3:      layout_loops_cross, old_standard_altar
D:4:      minmay_opposing_rooms, layout_gridville, fedhas_ov_isle_minmay,
          uniq_ijyb
D:5:      layout_loops_corners, minmay_temple_entry_butterflies,
          gup_sewer_entry_spiral
D:6:      layout_cave_pools, nicolae_overflow_crystal_walls, uniq_blork_the_orc
D:7:      layout_loops_cross, eat_drink_and_be_merry_uskayaw,
          grunt_temple_overflow_cloverleaf, gammafunk_temple_overflow_pools,
          nrook_uturn, due_unseen_surprise
D:8:      layout_basic, slow_altar_2, serial_shops, shop_fountains,
          gammafunk_ghost_arena, grunt_ministairs_9
D:9:      layout_basic, erik_orc_3, minmay_strange_pillars, uniq_gastronok
D:10:     hangedman_screamer, layout_long_grid, basic_altar, special_room
          [special_room_bee], uniq_erolcha, uniq_harold, uniq_maggie
D:11:     layout_roguey, dpeg_lair_monsters, uniq_nergalle
D:12:     layout_roguey, gauntlet_entry_generic, uniq_josephine
D:13:     layout_small_grid, serial_ice, serial_ice_h, serial_ice_c,
          serial_ice_f, serial_ice_a, kennysheep_small_spiral, uniq_urug
D:14:     cheibrodos_shockbox, layout_irregular_city, david_vaults_2
D:15:     hangedman_depths_entry_try_elsewhere_first, layout_basic,
          nicolae_two_hexagons, grunt_decor_arrowhead, grunt_ministairs_1
Lair:1:   layout_regular_city
Lair:2:   layout_layer_cave, swamp_mist, dummy_snake_entry, grunt_megastairs_5,
          lemuel_fruit_tree
Lair:3:   layout_gridlike, disabler_island
Lair:4:   layout_gridlike
Lair:5:   layout_small_grid, slime_altar_1, serial_forest,
          infiniplex_forest_lined_corner, infiniplex_forest_diagonal,
          infiniplex_forest_clump_double, infiniplex_forest_clump_double,
          infiniplex_forest_zigzag_2, infiniplex_forest_clump_long,
          infiniplex_forest_lined_3, grunt_forest_stairs_basic
Lair:6:   due_jungle_book, layout_loops_ring, grunt_megastairs_3
Swamp:1:  layout_basic_swamp, evilmike_swamp_ruin_house_5,
          infiniplex_staircase_pool_2, uniq_louise
Swamp:2:  layout_basic_swamp, evilmike_swamp_ruin_house_4, swamp_pool3,
          hangedman_swamp_pad, nicolae_swamp_trees_clearing, st_swamp_ruins_2
Swamp:3:  layout_falls_marsh, hangedman_swamp_diagram, swamp_pool1
Swamp:4:  swamp_alternative, layout_basic_swamp, swamp_pool2
Snake:1:  cheibrodos_snake_lava_hold, layout_gridlike
Snake:2:  gammafunk_its_a_trap, layout_cave_shapes
Snake:3:  layout_honeycomb, uniq_nikola, uniq_asterion
Snake:4:  snake_pit, layout_grid_maze, fake_guardian_serpent_vault
Orc:1:    layout_caves, serial_shops, shop, shop, nicolae_shop_waterfront, shop,
          uniq_snorg
Orc:2:    st_orc_open, layout_diamond_mine, nicolae_orc_rockfall, uniq_rupert,
          uniq_maurice
Elf:1:    eino_elf_arrival_the_gate, layout_geoelf_octagon,
          minmay_elf_annihilation, minivault_27
Elf:2:    layout_loops_cross, serial_shops, nicolae_shop_behind_doors
Depths:1: layout_big_octagon, enter_trove_1, lightli_too_deep, serial_shops,
          shop_statue, kennysheep_donut, minmay_misc_feat_plants, minivault_12,
          uniq_enchantress

Skill      XL: |  1  2  3  4  5  6  7  8  9 10 11 12 13 14 15 16 17 18 19 20 |
---------------+-------------------------------------------------------------+-----
Fighting       | 4 5 6 7 9 10 11 13 16 17 19 20 22 25 | 25.2
Axes           | 5 6 7 9 10 12 14 16 | 16.0
Armour         | 3 4 5 6 7 9 10 12 14 16 18 19 20 | 20.0
Shields        | 2 5 10 14 15 | 15.0
Slings         | 11 | 11.9
Dodging        | |  1.5

Action                   |  1- 3 |  4- 6 |  7- 9 | 10-12 | 13-15 | 16-18 | 19-21 || total
-------------------------+-------+-------+-------+-------+-------+-------+-------++-------
Melee: Hand axe          |    90 |   231 |   479 |   605 |   319 |       |       ||  1724
       Broad axe         |       |       |       |       |   528 |   604 |   695 ||  1827
 Fire: Hunting sling     |       |       |       |       |       |       |    36 ||    36
Throw: Stone             |     1 |       |       |       |       |     1 |       ||     2
Invok: Berserk           |     2 |     2 |     3 |     4 |     3 |     4 |     4 ||    22
       Brothers in Arms  |       |       |       |     3 |       |       |     4 ||     7
       Trog's Hand       |       |       |       |       |       |       |     3 ||     3
Evoke: Wand              |       |       |       |       |       |     2 |     2 ||     4
  Use: Scroll            |       |       |    11 |     1 |    22 |     5 |     8 ||    47
       Potion            |       |       |       |       |       |     2 |     6 ||     8
 Stab: Confused          |       |       |       |       |       |       |     3 ||     3
Armor: Animal skin       |     4 |       |       |       |       |       |       ||     4
       Ring mail         |    12 |       |       |       |       |       |       ||    12
       Chain mail        |    13 |   111 |   214 |       |       |       |       ||   338
       Plate armour      |       |       |    36 |    90 |       |       |       ||   126
       Scale mail        |       |       |       |    97 |   290 |   183 |   261 ||   831
       Crystal plate arm |       |       |       |       |       |       |   101 ||   101
Dodge: Dodged            |    51 |    79 |   166 |   251 |   317 |   181 |   233 ||  1278
Block: Buckler           |       |       |       |    60 |   179 |    30 |       ||   269
       Kite shield       |       |       |       |       |       |   336 |   609 ||   945

Table legend: (Time is in decaauts)
 A = Elapsed time spent in this place.
 B = Non-inter-level travel time spent in this place.
 C = Inter-level travel time spent in this place.
 D = Time resting spent in this place.
 E = Time spent auto-exploring this place.
 F = Levels seen in this place.
 G = Mean time per level.
                   A        B        C        D        E       F      G
               +--------+--------+--------+--------+--------+-----+--------+
         Total |  48294 |  45386 |   2908 |  12526 |  25739 |  35 | 1379.8 |
       Dungeon |  20738 |  19359 |   1379 |   3684 |  12646 |  15 | 1382.5 |
          Lair |   5999 |   5497 |    502 |    217 |   4446 |   6 |  999.8 |
         Swamp |   6695 |   6548 |    147 |   3004 |   2717 |   4 | 1673.8 |
     Snake Pit |   8030 |   7648 |    382 |   3510 |   2957 |   4 | 2007.5 |
  Orcish Mines |   2229 |   1904 |    325 |    536 |    896 |   2 | 1114.5 |
   Elven Halls |   3131 |   2960 |    171 |   1090 |   1452 |   2 | 1565.5 |
        Depths |   1423 |   1423 |      0 |    460 |    623 |   1 | 1423.0 |
         Abyss |     47 |     47 |      0 |     24 |      0 |   1 |   47.0 |
               +--------+--------+--------+--------+--------+-----+--------+

Top non-repeatable levels by time:
 Swamp:3: 3282 daAuts
 Snake:4: 2920 daAuts
 Snake:3: 2595 daAuts
     D:2: 2019 daAuts
    D:15: 1861 daAuts
     D:5: 1833 daAuts
    D:10: 1820 daAuts
     D:4: 1610 daAuts
   Elf:1: 1596 daAuts
    D:12: 1558 daAuts
 Snake:1: 1552 daAuts
  Lair:6: 1539 daAuts
   Elf:2: 1534 daAuts
     D:9: 1482 daAuts
Depths:1: 1423 daAuts
